 Dungeon Crawl Stone Soup version 0.22.1-1-ga44c0e56f4 (webtiles) character file.

8876 Ivernyr the Ogre Mage (level 11, -17/119 HPs)
             Began as an Ogre Wizard on Oct 3, 2018.
             Was an Elder of Sif Muna.
             Killed from afar by a rime drake (20 damage)
             ... with a flash freeze
             ... on level 10 of the Dungeon on Oct 4, 2018.
             The game lasted 02:25:23 (16056 turns).

Ivernyr the Ogre Mage (Ogre Wizard)                Turns: 16056, Time: 02:25:24

Health: -17/119    AC:  5    Str: 13    XL:     11   Next: 37%
Magic:  29/42      EV: 10    Int: 22    God:    Sif Muna [****..]
Gold:   801        SH:  0    Dex:  7    Spells: 26/35 levels left

rFire    . . .     SeeInvis .   M - staff of power
rCold    + + .     Gourm    .   (no shield)
rNeg     . . .     Faith    .   O - +1 robe {rC+}
rPois    +         Spirit   .   b - +0 hat
rElec    .         Reflect  .   u - +0 cloak
rCorr    .         Harm     .   (gloves unavailable)
MR       +....                  (boots unavailable)
Stlth    +.........             (no amulet)
HPRegen  0.29/turn              p - ring of poison resistance
MPRegen  0.28/turn              z - ring of protection from cold

@: no status effects
A: large, unfitting armour, tough skin 1
a: Divine Energy, Channel Magic, Forget Spell, Renounce Religion


You were on level 10 of the Dungeon.
You worshipped Sif Muna.
Sif Muna was greatly pleased with you.
You were hungry.

You visited 3 branches of the dungeon, and saw 12 of its levels.

You collected 801 gold pieces.

Inventory:

Armour
 b - a +0 hat (worn)
 u - a +0 cloak (worn)
 O - a +1 robe of cold resistance (worn)
Magical Staves
 M - an uncursed staff of power (weapon)
Jewellery
 p - a ring of poison resistance (left hand)
 z - a ring of protection from cold (right hand)
Wands
 a - a wand of random effects (26)
 D - a wand of enslavement (6)
 F - a wand of flame (31)
 H - a wand of polymorph (11)
 J - a wand of iceblast (8)
Scrolls
 c - 4 scrolls of remove curse
 e - 3 scrolls of fog {unknown}
 j - 3 scrolls of magic mapping {unknown}
 k - 5 scrolls of identify
 n - 5 scrolls of amnesia {unknown}
 o - 6 scrolls of teleportation {unknown}
 s - 3 scrolls of enchant armour {unknown}
 t - 3 scrolls of enchant weapon {unknown}
 v - 3 scrolls of immolation {unknown}
 y - a scroll of fear {unknown}
 A - 4 scrolls of blinking {unknown}
 B - a scroll of holy word {unknown}
 I - a scroll of acquirement {unknown}
 K - a scroll of noise {unknown}
Potions
 f - 4 potions of brilliance {unknown}
 g - 3 potions of curing
 h - 2 potions of flight {unknown}
 i - 3 potions of cancellation {unknown}
 l - 3 potions of ambrosia {unknown}
 q - 2 potions of agility {unknown}
 r - 4 potions of lignification {unknown}
 w - 2 potions of degeneration {unknown}
 x - 2 potions of magic {unknown}
 C - a potion of haste {unknown}
 E - a potion of invisibility {unknown}
 G - a potion of heal wounds {unknown}
 L - 2 potions of resistance {unknown}
Comestibles
 d - 14 rations


   Skills:
 + Level 10.4 Fighting
 - Level 1.7 Dodging
 - Level 1.4 Stealth
 * Level 12.7 Spellcasting
 + Level 7.4 Conjurations
   Level 0.8 Summonings
 - Level 0.8 Translocations
 + Level 7.1 Invocations


You had 26 spell levels left.
You knew the following spells:

 Your Spells              Type           Power        Failure   Level  Hunger
a - Magic Dart            Conj           ####         1%          1    None
b - Blink                 Tloc           N/A          4%          2    None
c - Conjure Flame         Conj/Fire      ####....     3%          3    None
d - Mephitic Cloud        Conj/Pois/Air  ###.....     4%          3    None

Your spell library contained the following spells:

 Spells                   Type           Power        Failure   Level  Hunger
 Call Imp                 Summ           ###.....     4%          2    None
 Slow                     Hex            ##......     7%          2    None


Dungeon Overview and Level Annotations

Branches:
Dungeon (10/15)            Temple (1/1) D:5            Lair (1/6) D:10
    Orc (0/2) D:10

Altars:
Ashenzari
Cheibriados
Dithmenos
Elyvilon
Fedhas
Gozag
Hepliaklqana
Kikubaaqudgha
Makhleb
Nemelex Xobeh
Okawaru
Qazlal
Ru
Sif Muna
Trog
Uskayaw
Vehumet
Wu Jian
Xom
Yredelemnul
Zin
The Shining One

Annotations:
D:5 1 runed door, Knicklaso's ghost, novice DrMo
D:8 1 runed door, martinkus's ghost, novice SpEn


Innate Abilities, Weirdness & Mutations

You are too large for most types of armour.
You have tough skin. (AC +1)


Message History

* * * LOW HITPOINT WARNING * * *
The rime drake closely misses you.
Casting: Blink (safe; 4% risk of failure)
Confirm with . or Enter, or press ? or * to list all spells.
You blink.
The ice encasing you melts away.
You feel better. The rime drake breathes ice at you. The flash freeze hits you!
You partially resist.
* * * LOW HITPOINT WARNING * * *
You are encased in ice.
Casting: Blink (safe; 4% risk of failure)
Confirm with . or Enter, or press ? or * to list all spells.
Aiming: Conjure Flame (safe; 3% risk of failure)
Press: ? - help, Dir - move target cursor The fire ignites!
The ice encasing you melts away. The rime drake breathes ice at you.
The flash freeze hits you! You partially resist.
You die...

.....### #.# #... .......#
#.# #### ####.#.# #.# ####
#.#.# #.#### #... #.#.#
#.#.># #.## #.#.## #.#.## #.#
#....##############.#.#####.#
###..##...........§k......#.#
#..##.#####@#####.#####>#.#
#..##.# #.# #.# #.#.##
#..##.# #.# #.# #.#<..
######..##.# ##.#####.#
#.#### ...........#
#........# #.# ######..####
#..####### #.# ### #..# #..#
#.# #.####..#######..# #.#
.#...........##..#### #.# ##


You could see a rime drake.

Vanquished Creatures
  Fannar (D:10)
  A two-headed ogre (D:8)
  3 trolls
  4 blink frogs
  4 hippogriffs
  A wyvern (D:10)
  3 yaks (D:6)
  3 vampire mosquitoes (D:10)
  An orc warrior (D:7)
  2 ice beasts
  A black bear (D:5)
  2 phantoms
  3 sky beasts
  5 ogres
  2 centaurs (D:10)
  A crocodile (D:10)
  A big kobold (D:10)
  6 bullfrogs
  A water moccasin zombie (D:3)
  The ghost of PeterQ the Ducker, a weakling GnMo (D:3)
  8 wights
  12 killer bees (D:9)
  6 howler monkeys
  6 crimson imps
  A bullfrog zombie (D:10)
  2 quasits (D:10)
  3 hounds
  3 jellies
  A centaur skeleton (D:10)
  3 orc priests
  2 bullfrog skeletons
  9 orc wizards
  4 iguanas
  8 worker ants
  A hound skeleton (D:7)
  A howler monkey zombie (D:8)
  2 worker ant zombies
  9 adders
  4 gnolls (D:5)
  A shadow imp (D:9)
  A white imp (D:8)
  7 adder skeletons
  An adder zombie (D:9)
  A worm (D:6)
  2 dart slugs (D:2)
  4 leopard geckos
  28 orcs
  9 bats
  2 giant cockroaches
  9 hobgoblins
  9 jackals
  7 kobolds
  4 quokkas
  A ball python (D:6)
  2 frilled lizards
  5 goblins
  2 goblin skeletons (D:8)
  A hobgoblin zombie (D:8)
  A leopard gecko zombie (D:3)
  2 orc zombies (D:8)
  7 rats
237 creatures vanquished.

Vanquished Creatures (others)
  A quokka (D:5)
1 creature vanquished.

Grand Total: 238 creatures vanquished

Notes
Turn   | Place    | Note
-------+----------+-------------------------------------------
     0 | D:1      | Ivernyr the Ogre Wizard began the quest for the Orb.
     0 | D:1      | Reached XP level 1. HP: 16/16 MP: 5/5
   184 | D:1      | Reached skill level 1 in Conjurations
   500 | D:1      | Reached XP level 2. HP: 25/26 MP: 0/6
   560 | D:1      | Learned a level 2 spell: Blink
   638 | D:1      | Reached skill level 1 in Fighting
   638 | D:1      | Reached skill level 4 in Spellcasting
  1728 | D:2      | Reached XP level 3. HP: 33/33 MP: 2/8
  1783 | D:2      | Learned a level 3 spell: Conjure Flame
  1787 | D:2      | Learned a level 3 spell: Mephitic Cloud
  2425 | D:2      | Found an ancient bone altar of Kikubaaqudgha.
  3008 | D:3      | Reached XP level 4. HP: 42/42 MP: 4/10
  3389 | D:3      | Found a runed gate.
  3389 | D:3      | Found a runed gate.
  3389 | D:3      | Found a runed gate.
  3407 | D:3      | Noticed PeterQ's ghost (weakling GnMo)
  3428 | D:3      | Reached skill level 5 in Spellcasting
  3466 | D:3      | Reached XP level 5. HP: 47/53 MP: 1/12
  3594 | D:3      | Killed PeterQ's ghost
  4068 | D:4      | Noticed an ice beast
  4245 | D:4      | Killed an ice beast
  4245 | D:4      | Reached skill level 6 in Spellcasting
  4245 | D:4      | Reached XP level 6. HP: 51/62 MP: 1/15
  4913 | D:4      | Reached XP level 7. HP: 35/70 MP: 2/16
  5519 | D:5      | Entered Level 5 of the Dungeon
  5701 | D:5      | Found a white marble altar of Elyvilon.
  5725 | D:5      | You fall through a shaft for 3 floors!
  5801 | D:8      | Reached skill level 7 in Spellcasting
  6195 | D:7      | Noticed a yak
  6206 | D:6      | Reached skill level 5 in Fighting
  6744 | D:5      | Reached XP level 8. HP: 19/81 MP: 1/19
  7100 | D:5      | Reached skill level 8 in Spellcasting
  7183 | D:5      | Found a runed door.
  7185 | D:5      | Noticed Knicklaso's ghost (novice DrMo)
  7632 | D:5      | Found a staircase to the Ecumenical Temple.
  7637 | Temple   | Entered the Ecumenical Temple
  7685 | Temple   | Became a worshipper of Sif Muna the Loreminder
  8085 | D:6      | Reached skill level 1 in Invocations
  8976 | D:7      | Noticed a yak
  9175 | D:6      | Killed a yak
  9175 | D:6      | Reached skill level 9 in Spellcasting
  9369 | D:7      | Noticed a yak
  9376 | D:6      | Killed a yak
  9376 | D:6      | Reached * piety under Sif Muna
  9376 | D:6      | Reached XP level 9. HP: 89/92 MP: 17/22
  9498 | D:6      | Reached skill level 5 in Conjurations
 10205 | D:7      | Reached skill level 10 in Spellcasting
 10782 | D:8      | Reached ** piety under Sif Muna
 10950 | D:8      | Found a glowing golden altar of the Shining One.
 11088 | D:8      | Found a runed door.
 11090 | D:8      | Found a shimmering altar of Xom.
 11090 | D:8      | Noticed martinkus's ghost (novice SpEn)
 11090 | D:8      | Noticed a short sword of chaos
 11615 | D:8      | Reached XP level 10. HP: 98/105 MP: 21/24
 11761 | D:8      | Found a sacrificial altar of Ru.
 11773 | D:8      | Found a bloodstained altar of Trog.
 12143 | D:9      | Noticed a two-headed ogre
 12215 | D:8      | Killed a two-headed ogre
 12215 | D:8      | Reached skill level 11 in Spellcasting
 12215 | D:8      | Reached skill level 5 in Invocations
 13470 | D:10     | Entered Level 10 of the Dungeon
 13574 | D:10     | Reached *** piety under Sif Muna
 13914 | D:10     | Found a staircase to the Orcish Mines.
 13935 | D:10     | Reached skill level 12 in Spellcasting
 13989 | D:10     | Reached XP level 11. HP: 108/117 MP: 27/27
 14459 | D:10     | Reached skill level 10 in Fighting
 14515 | D:10     | Found a staircase to the Lair.
 14849 | D:10     | Noticed Fannar
 14867 | D:10     | Killed Fannar
 15224 | Lair:1   | Entered Level 1 of the Lair of Beasts
 15499 | D:10     | Reached **** piety under Sif Muna
 16052 | D:10     | HP: 2/119 [rime drake/flash freeze (12)]
 16056 | D:10     | Killed from afar by a rime drake

Skill      XL: |  1  2  3  4  5  6  7  8  9 10 11 |
---------------+----------------------------------+-----
Conjurations   | 1 2 3 4 5 6 7 |  7.4
Fighting       | 1 2 3 4 5 6 8 9 10 | 10.4
Spellcasting   | 4 5 6 7 9 10 12 | 12.7
Invocations    | 2 4 6 7 |  7.1
Dodging        | |  1.7
Stealth        | |  1.4
Summonings     | |  0.8
Translocations | |  0.8

Action                   |  1- 3 |  4- 6 |  7- 9 | 10-12 || total
-------------------------+-------+-------+-------+-------++-------
Melee: Unarmed           |    28 |       |       |       ||    28
       Dagger            |    25 |    50 |       |       ||    75
       Spear             |       |       |   238 |   122 ||   360
       Staff             |       |       |       |    18 ||    18
 Cast: Magic Dart        |   100 |   117 |   390 |   369 ||   976
       Mephitic Cloud    |     2 |       |     7 |    12 ||    21
       Conjure Flame     |       |     7 |    28 |    27 ||    62
       Blink             |       |       |    12 |     7 ||    19
  Use: Scroll            |       |       |     2 |     2 ||     4
       Potion            |       |       |       |     2 ||     2
 Stab: Sleeping          |     2 |     1 |       |     1 ||     4
       Confused          |       |       |     1 |     1 ||     2
  Eat: Chunk             |     6 |     3 |    21 |    10 ||    40
       Ration            |       |     1 |       |     1 ||     2
Armor: Robe              |    16 |    23 |    59 |    21 ||   119
Dodge: Dodged            |    29 |    49 |   143 |    58 ||   279
